 Dungeon Crawl Stone Soup version 0.30-a0-760-g5a9884bb7c (webtiles) character file.

Game seed: 6364675893370381279

58 kae the Digger (level 4, 0/24 HPs)
             Began as a Gargoyle Earth Elementalist on Feb 10, 2023.
             Slain by Grinder (8 damage)
             ... on level 3 of the Dungeon.
             The game lasted 00:01:46 (1692 turns).

kae the Digger (Gargoyle Earth Elementalist)        Turns: 1692, Time: 00:01:47

Health: 0/24       AC:  6    Str: 11    XL:     4   Next: 2%
Magic:  1/7        EV: 11    Int: 18    God:
Gold:   100        SH:  5    Dex: 10    Spells: 2/8 levels left

rFire   . . .      SeeInvis .    k - +3 whip (freeze)
rCold   . . .      Faith    .    (no shield)
rNeg    + . .      Spirit   .    a - +0 robe
rPois   ∞          Reflect  +    (no helmet)
rElec   +          Harm     .    (no cloak)
rCorr   .          Rampage  .    c - +0 pair of gloves
Will    .....                    (no boots)
Stlth   ++                       g - amulet of reflection
HPRegen 0.24/turn                (no ring)
MPRegen 0.10/turn                (no ring)

@: no status effects
A: sickness immunity, AC +3, negative energy resistance 1, electricity
resistance, torment resistance 1, petrification resistance
a: no special abilities


You were on level 3 of the Dungeon.
You visited 1 branch of the dungeon, and saw 3 of its levels.

You collected 100 gold pieces.


Innate Abilities, Weirdness & Mutations

You are immune to sickness and miasma.
Your stone body is resilient. (AC +3)
You are immune to poison.
You resist negative energy. (rN+)
You are resistant to electric shocks. (rElec)
You are resistant to unholy torment.
You are immune to petrification.


   Skills:
 - Level 1.5 Dodging
 - Level 2.1 Stealth
 + Level 2.5 Spellcasting
 * Level 1.2 Conjurations
 - Level 0.7 Transmutations
 * Level 5.0 Earth Magic


You had 2 spell levels left.
You knew the following spells:

 Your Spells              Type           Power      Damage    Failure   Level
a - Sandblast             Erth           40%        2d10      2%          1
b - Stone Arrow           Conj/Erth      26%        3d8       14%         3
c - Passwall              Tmut/Erth      10%        N/A       8%          2

Your spell library contained the following spells:

 Spells                   Type           Power      Damage    Failure   Level
 Petrify                  Tmut/Erth      12%        N/A       45%         4
 Animate Armour           Summ/Erth      22%        N/A       52%         4
 Lehudib's Crystal Spear  Conj/Erth      6%         10d3      100%        8

Inventory:

Hand Weapons
 d - a +2 dagger of speed
   (You took it off a goblin on level 2 of the Dungeon)
 k - a +3 whip of freezing (weapon)
   (You took it off a kobold on level 1 of the Dungeon)
Missiles
 e - 6 poisoned darts
 j - 20 stones
Armour
 a - a +0 robe (worn)
 c - a +0 pair of gloves (worn)
   (You found it on level 1 of the Dungeon)
Jewellery
 g - an amulet of reflection (around neck)
   (You found it on level 1 of the Dungeon)
 C - a ring of ice
   (You found it on level 1 of the Dungeon)
Scrolls
 i - 2 scrolls of magic mapping {!r}
 l - 2 scrolls of immolation {!r!r}
Potions
 b - a potion of magic
 f - 2 potions of haste {@q3}
 h - a potion of flight
 m - a potion of degeneration {unknown}
 p - a potion of heal wounds {@q2}
 q - a potion of invisibility {unknown}

Dungeon Overview and Level Annotations

Branches:
Dungeon (3/15) Zot: 16276

Altars:
Qazlal

Annotations:
D:3 Grinder

###.#### #.....##
#.#.#..####
#.#.##....#########..
#.#..####...........#
#.##.# #####..#.>.##
#. #..###........###
##.###..##.#...####
.......@.....###
.......5######
......... ..........
.##........
##........ #.........
##.........


You could see Grinder.


Message History

You kill the frilled lizard! 😎 MP[-1]
You lost 1 mp, and now have 6/7 mp.
Casting: Sandblast (safe; 2% risk of failure)
Confirm with . or Enter, or press ? or * to list all spells.
You can't see any susceptible monsters within range! (Use Z to cast anyway.)
Casting: Sandblast (safe; 2% risk of failure)
Confirm with . or Enter, or press ? or * to list all spells.
You can't see any susceptible monsters within range! (Use Z to cast anyway.)
Okay, then.
m - a black potion 😎 MP[+1]
Your mp is fully restored (7).
Unknown command.
No target in view!
No target in view!
Casting: Sandblast (safe; 2% risk of failure)
Confirm with . or Enter, or press ? or * to list all spells.
You can't see any susceptible monsters within range! (Use Z to cast anyway.)
Found a stone staircase leading down.
Found a stone staircase leading down.
Grinder comes into view.
Grinder shouts!
Grinder gestures at you. Pain shoots through your body! 😕 HP[-2]
You take 2 damage, and now have 22/24 hp.
Unknown command.
Casting: Sandblast (safe; 2% risk of failure)
Confirm with . or Enter, or press ? or * to list all spells.
Aiming: Sandblast (safe; 2% risk of failure)
Press: ? - help, Shift-Dir - straight line, f - Grinder
Aim: Grinder (81% to hit)
The blast of sand hits Grinder.
Grinder gestures at you.
Pain shoots through your body! 😮 HP[-6] MP[-1]
You take 6 damage, and now have 16/24 hp.
MASSIVE DAMAGE!! (PAUSE)
You lost 1 mp, and now have 6/7 mp.
Casting: Sandblast (safe; 2% risk of failure)
Confirm with . or Enter, or press ? or * to list all spells.
Aiming: Sandblast (safe; 2% risk of failure)
Press: ? - help, Shift-Dir - straight line, f/p - Grinder
Aim: Grinder (lightly wounded, 81% to hit)
The blast of sand hits Grinder. 😮 HP[+1] MP[-1]
You lost 1 mp, and now have 5/7 mp.
Casting: Sandblast (safe; 2% risk of failure)
Confirm with . or Enter, or press ? or * to list all spells.
Aiming: Sandblast (safe; 2% risk of failure)
Press: ? - help, Shift-Dir - straight line, f/p - Grinder
Aim: Grinder (lightly wounded, 81% to hit)
The blast of sand hits Grinder!
Grinder hits you.
You writhe in agony. 😮 HP[-3] MP[-1]
You take 3 damage, and now have 14/24 hp.
You lost 1 mp, and now have 4/7 mp.
Casting: Sandblast (safe; 2% risk of failure)
Confirm with . or Enter, or press ? or * to list all spells.
Aiming: Sandblast (safe; 2% risk of failure)
Press: ? - help, Shift-Dir - straight line, f/p - Grinder
Aim: Grinder (heavily wounded, 81% to hit)
The blast of sand hits Grinder!
Grinder drinks a potion.
Grinder is healed! 😮 MP[-1]
You lost 1 mp, and now have 3/7 mp.
Casting: Sandblast (safe; 2% risk of failure)
Confirm with . or Enter, or press ? or * to list all spells.
Aiming: Sandblast (safe; 2% risk of failure)
Press: ? - help, Shift-Dir - straight line, f/p - Grinder
Aim: Grinder (moderately wounded, 81% to hit)
The blast of sand hits Grinder but does no damage.
Grinder hits you.
* * * LOW HITPOINT WARNING * * *
You writhe in agony.
* * * LOW HITPOINT WARNING * * *
Grinder gestures at you. Pain shoots through your body!
* * * LOW HITPOINT WARNING * * *
😨 HP[-6] MP[-1]
You take 6 damage, and now have 8/24 hp.
MASSIVE DAMAGE!! (PAUSE)
You lost 1 mp, and now have 2/7 mp.
Casting: Sandblast (safe; 2% risk of failure)
Confirm with . or Enter, or press ? or * to list all spells.
Aiming: Sandblast (safe; 2% risk of failure)
Press: ? - help, Shift-Dir - straight line, f/p - Grinder
Aim: Grinder (moderately wounded, 81% to hit)
The blast of sand hits Grinder!
Grinder misses you. 😨 MP[-1]
You lost 1 mp, and now have 1/7 mp.
Unknown command.
Casting: Sandblast (safe; 2% risk of failure)
Confirm with . or Enter, or press ? or * to list all spells.
Aiming: Sandblast (safe; 2% risk of failure)
Press: ? - help, Shift-Dir - straight line, f/p - Grinder
Aim: Grinder (severely wounded, 81% to hit)
The blast of sand hits Grinder.
Grinder hits you!
You die...

Skill      XL: |  1  2  3 |
---------------+----------+-----
Earth Magic    | 4 5 |  5.0
Conjurations   | 1 |  1.2
Dodging        | |  1.5
Stealth        | |  2.1
Spellcasting   | |  2.5
Transmutations | |  0.7

Action                     |  1- 3 |  4- 6 || total
---------------------------+-------+-------++-------
  Melee: Whip              |    11 |       ||    11
   Cast: Sandblast         |    52 |     8 ||    60
    Use: Scroll            |     6 |     5 ||    11
         Potion            |     1 |       ||     1
 Armour: Robe              |    11 |       ||    11
  Dodge: Dodged            |    15 |     1 ||    16
  Block: Other             |     7 |       ||     7
         Reflection        |     1 |       ||     1

Levels and vault maps discovered:
D:1:      shiori_arrival_whats_in_store_for_you, layout_loops_ring
D:2:      layout_loops_ring, ebering_ecumenical_altar_ruins, basic_altar,
          hangedman_decor_slide_cut, uniq_robin
D:3:      layout_rooms, mainiacjoe_overflow_paths, minmay_between, uniq_grinder

Notes
Turn   | Place    | Note
-------+----------+-------------------------------------------
     0 | D:1      | kae the Gargoyle Earth Elementalist began the quest for the
                  | Orb.
     0 | D:1      | Reached XP level 1. HP: 10/10 MP: 3/3
     0 | D:1      | magus.rc [v1.11.3]
     3 | D:1      | Noticed a demonspawn zombie
    15 | D:1      | Noticed a merfolk zombie
    17 | D:1      | Noticed a merfolk zombie
    19 | D:1      | Noticed a minotaur zombie
   103 | D:1      | Reached skill level 4 in Earth Magic
   231 | D:1      | Reached XP level 2. HP: 15/15 MP: 3/5
   863 | D:2      | Found a stormy altar of Qazlal.
   883 | D:2      | Reached XP level 3. HP: 19/19 MP: 4/6
   891 | D:2      | Learned a level 3 spell: Stone Arrow
   894 | D:2      | Learned a level 2 spell: Passwall
   940 | D:2      | Noticed Robin
  1045 | D:2      | Killed Robin
  1106 | D:2      | Found a faded altar of an unknown god.
  1111 | D:2      | Reached skill level 1 in Conjurations
  1120 | D:2      | You pick up a book of Armaments and begin reading...
  1120 | D:2      | You add the spells Animate Armour and Lehudib's Crystal
                  | Spear to your library.
  1269 | D:2      | Identified the +0 robe "Iblyus" {rN+}
  1537 | D:2      | Reached skill level 5 in Earth Magic
  1537 | D:2      | Reached XP level 4. HP: 24/24 MP: 4/7
  1685 | D:3      | Noticed Grinder
  1692 | D:3      | Slain by Grinder

Vanquished Creatures
  Robin (D:2)
  A worm (D:2)
  2 dart slugs (D:1)
  3 endoplasms
  2 giant cockroaches (D:1)
  12 goblins
  4 hobgoblins
  2 kobolds
  2 ball pythons (D:1)
  3 bats
  4 frilled lizards
  2 rats (D:1)
38 creatures vanquished.

Table legend:
 A = Non-vault XP
 B = Vault XP
 C = Vault XP percentage of total XP
 D = Non-vault monster count
 E = Vault monster count
 F = Vault count percentage of total count
                 A         B        C        D         E       F
            +---------+---------+-------+---------+---------+-------
      Total |      51 |      33 |  39.3 |      27 |      11 |  28.9
            +---------+---------+-------+---------+---------+-------
        D:1 |      31 |       0 |   0.0 |      17 |       0 |   0.0
        D:2 |      19 |      33 |  63.5 |       9 |      11 |  55.0
        D:3 |       1 |       0 |   0.0 |       1 |       0 |   0.0
            +---------+---------+-------+---------+---------+-------

Illustrated notes

Table legend:
 A = Kills in this place as a percentage of kills in entire the game.
 B = Kills by you in this place as a percentage of kills by you in the entire game.
 C = Kills by friends in this place as a percentage of kills by friends in the entire game.
 D = Other kills in this place as a percentage of other kills in the entire game.
 E = Experience gained in this place as a percentage of experience gained in the entire game.
 F = Experience gained in this place divided by the number of levels of this place that you have seen.
                   A       B       C       D       E      F
               +-------+-------+-------+-------+-------+----------------------
         Total | 100.0 | 100.0 |   N/A |   N/A | 100.0 |  28.0
       Dungeon | 100.0 | 100.0 |   N/A |   N/A | 100.0 |  28.0
               +-------+-------+-------+-------+-------+----------------------

Table legend: (Time is in decaauts)
 A = Elapsed time spent in this place.
 B = Non-inter-level travel time spent in this place.
 C = Inter-level travel time spent in this place.
 D = Time resting spent in this place.
 E = Time spent auto-exploring this place.
 F = Levels seen in this place.
 G = Mean time per level.
                   A        B        C        D        E       F      G
               +--------+--------+--------+--------+--------+-----+--------+
         Total |   1721 |   1668 |     53 |     60 |   1362 |   3 |  573.7 |
       Dungeon |   1721 |   1668 |     53 |     60 |   1362 |   3 |  573.7 |
               +--------+--------+--------+--------+--------+-----+--------+

Top non-repeatable levels by time:
     D:2: 856 daAuts
     D:1: 807 daAuts
     D:3: 57 daAuts
